AoeStats
← helldingdingDSSRRedededdd SD

Arabia

510668188Analyzed
1v1 RM · 1d ago on Oct 2, 2026· 39m 55s· 2 players
Game mode
Random Map
Map size
Tiny (2 player)
Population
200
Speed
Normal
Resources
Standard
Victory
Conquest
Starting age
Dark Age
Ending age
Imperial Age
RankedLock teamsTeams togetherTeam positionsShared explorationLock speedFull tech treeHidden civsTurbo modeCheats
Victory
Defeat
🇭🇰 Magyars · Hong Kong SAR China
1016
+14
🇺🇸 Byzantines · United States
977
-14
helldingdingDSSRRedededdd SD
6:05 Loom
9:21 Feudal Age
10:53 Double-Bit Axe
15:04 Scale Barding Armor
21:05 Castle Age
19:40 Gold Mining
20:52 Fletching
21:17 Bloodlines
21:47 Bodkin Arrow
23:15 Ballistics
29:13 Thumb Ring
29:29 Light Cavalry
30:10 Husbandry
31:38 Bow Saw
36:20 Corvinian Army
38:56 Imperial Age
39:59 Gold Shaft Mining
39:51 Chain Barding Armor
40:28 Recurve Bow
Adrian Shephard
1:27 Loom
3:03 Loom
9:25 Feudal Age
9:57 Double-Bit Axe
11:32 Horse Collar
17:46 Wheelbarrow
23:14 Castle Age
24:41 Fletching
26:30 Bodkin Arrow
28:04 Padded Archer Armor
27:45 Elite Skirmisher
29:27 Leather Archer Armor
31:17 Ballistics
Connection lost

Rejoining the realm…

Still unreachable

The connection could not be restored.

Session expired

The server has moved on; the page needs a fresh start.